 Dungeon Crawl Stone Soup version 0.31-a0-971-g75a2e9a4b4 (webtiles) character file.

Game seed: 4413162106691662835

443 demibob the Poker (level 6, -6/36 HPs)
             Began as a Deep Elf Chaos Knight on Oct 28, 2023.
             Was a Plaything of Xom.
             Mangled by Menkaure (10 damage)
             ... on level 4 of the Dungeon.
             The game lasted 00:04:46 (2584 turns).

demibob the Poker (Deep Elf Chaos Knight)           Turns: 2584, Time: 00:04:47

Health: -6/36      AC:  9    Str:  9    XL:     6   Next: 71%
Magic:  8/8        EV: 12    Int: 19    God:    Xom [..*...]
Gold:   172        SH:  0    Dex: 14    Spells: 5/5 levels left

rFire   . . .        a - +1 spear (chaos)
rCold   + . .        (no shield)
rNeg    . . .        b - +2 leather armour
rPois   .            f - +2 helmet
rElec   .            (no cloak)
rCorr   .            (no gloves)
SInv    .            d - +0 pair of boots {Stlth+}
Will    .....        (no amulet)
Stlth   ++           C - ring of protection from cold
HPRegen 0.26/turn    (no ring)
MPRegen 0.11/turn

%: no passive effects
@: hasted, very quick
A: no striking features
a: Renounce Religion


You were on level 4 of the Dungeon.
You worshipped Xom.
You were a toy of Xom.
You visited 1 branch of the dungeon, and saw 4 of its levels.

You collected 172 gold pieces.


   Skills:
 - Level 2.4 Fighting
 + Level 5.2 Polearms
 - Level 0.7 Armour
 - Level 2.4 Dodging
 + Level 3.2 Conjurations


You had 5 spell levels left.
You didn't know any spells.
Your spell library contained the following spells:

 Spells                   Type           Power      Damage    Failure   Level
 Cigotuvi's Dreadful Rot  Necr/Pois/Air  0%         N/A       38%         2
 Brom's Barrelling Bould  Conj/Erth      6%         2d3       82%         4
 Iskenderun's Battlesphe  Conj           12%        2d7       90%         5
 Dispel Undead            Necr           0%         3d6       95%         4
 Fireball                 Conj/Fire      3%         3d4       99%         5
 Conjure Ball Lightning   Conj/Air       3%         3x3d6     100%        6
 Death Channel            Necr           0%         N/A       100%        6
 Orb of Destruction       Conj           6%         9d6       100%        7

Inventory:

Hand Weapons
 a - a +1 spear of chaos (weapon)
Armour
 b - a +2 leather armour (worn)
 d - a +0 pair of boots of stealth (worn)
 f - a +2 helmet (worn)
Jewellery
 C - a ring of protection from cold (left hand)
Scrolls
 c - a scroll of butterflies
 e - 2 scrolls of fear
 g - a scroll of revelation
 h - 3 scrolls of teleportation {@r2}
 i - a scroll of fog
Potions
 j - a potion of mutation {unknown}

Dungeon Overview and Level Annotations

Branches:
Dungeon (4/15)
 Temple: D:4-7

Altars:
Yredelemnul

Portals:
Sewer: D:4

Annotations:
D:1 2 runed translucent doors
D:4 Menkaure

#. ~~~~~~~#.#
#.. ~~~~~...#
.
..#..~#..##.#
...........
#†........
###...M.....
#o<.#o......
#M###.o.....
#@# .......
#.# ...o...
#.. ....oM.
#### .O.....
...o.=.


You could see Menkaure (fast, agile) and an orc.


Message History

Nothing appears to happen.
Menkaure is lightly damaged.
Menkaure hits you!
* * * LOW HITPOINT WARNING * * *
You hit Menkaure but do no damage.
Menkaure is lightly damaged.
You barely miss Menkaure. You punch Menkaure, but do no damage.
Menkaure is lightly damaged.
Menkaure calls on the powers of darkness!
You feel a surge of unholy energy.
You hit Menkaure. You burn Menkaure.
Menkaure is moderately damaged.
A giant cockroach comes into view.
Menkaure closely misses you.
You hit Menkaure.
Menkaure suddenly seems more agile.
Menkaure is heavily damaged.
You hit Menkaure. You burn Menkaure.
Menkaure is severely damaged.
Menkaure completely misses you.
You barely miss Menkaure.
Menkaure is severely damaged.
You barely miss Menkaure.
Menkaure is severely damaged.
Menkaure misses you.
The giant cockroach waves its antennae.
You hit Menkaure.
Menkaure is severely damaged.
Menkaure hits you!
You die...
Xom chuckles heartily!

Skill      XL: |  1  2  3  4  5  6 |
---------------+-------------------+-----
Polearms       | 3 4 5 |  5.2
Conjurations   | 2 3 |  3.2
Fighting       | |  2.4
Armour         | |  0.7
Dodging        | |  2.4

Action                     |  1- 3 |  4- 6 || total
---------------------------+-------+-------++-------
  Melee: Spear             |   120 |   156 ||   276
         Punch             |     1 |     1 ||     2
    Use: Scroll            |     9 |     3 ||    12
         Potion            |       |     4 ||     4
   Stab: Sleeping          |     2 |     7 ||     9
         Paralysed         |       |     3 ||     3
 Armour: Leather armour    |    46 |    43 ||    89
  Dodge: Dodged            |    63 |    38 ||   101

Levels and vault maps discovered:
D:1:      erik_arrival_cave_to_civilisation [erik_arrival_cave_to_temple],
          layout_loops_ring
D:2:      layout_basic, kennysheep_generic_room_10, uniq_jessica
D:3:      layout_loops_ring, lemuel_crystal_altar, uniq_terence, uniq_grinder
D:4:      layout_rooms, mainiacjoe_overflow_chevrons,
          mainiacjoe_overflow_cross_hatched, cheibrodos_sewer_entry_drain,
          gammafunk_ghost_split, lightli_ossuary_entry_decrepit_ruins,
          serial_shops, nicolae_shop_dealshenge, kennysheep_flooded_box,
          uniq_sigmund, uniq_menkaure

Notes
Turn   | Place    | Note
-------+----------+-------------------------------------------
     0 | D:1      | demibob the Deep Elf Chaos Knight began the quest for the
                  | Orb.
     0 | D:1      | Reached XP level 1. HP: 13/13 MP: 3/3
    54 | D:1      | Reached XP level 2. HP: 9/18 MP: 4/4
    96 | D:1      | Found a large runed translucent door.
    96 | D:1      | Found a large runed translucent door.
   470 | D:1      | Reached skill level 3 in Polearms
   906 | D:2      | Reached XP level 3. HP: 22/22 MP: 5/5
  1064 | D:2      | Noticed Jessica
  1079 | D:2      | Killed Jessica
  1143 | D:2      | XOM: silly message
  1158 | D:2      | Reached XP level 4. HP: 27/27 MP: 6/6
  1183 | D:2      | XOM: silly message
  1636 | D:3      | XOM: 4-stop teleportation journey
  1654 | D:3      | Reached skill level 4 in Polearms
  1796 | D:3      | XOM: enchant monster (good)
  1864 | D:3      | Identified the +4 plate armour of Gravity {Will- Str+5}
  1957 | D:3      | Reached XP level 5. HP: 22/31 MP: 7/7
  2041 | D:3      | Found a basalt altar of Yredelemnul.
  2090 | D:3      | Noticed Terence
  2094 | D:3      | Killed Terence
  2337 | D:3      | XOM: silly message
  2345 | D:3      | Noticed Grinder
  2345 | D:3      | Paralysed by Grinder for 4 turns
  2346 | D:3      | XOM: cast spell 'Cause Fear'
  2356 | D:3      | XOM: cast spell 'Summon Ice Beast'
  2392 | D:3      | Killed Grinder
  2393 | D:3      | Reached skill level 5 in Polearms
  2393 | D:3      | Reached skill level 2 in Conjurations
  2393 | D:3      | Reached XP level 6. HP: 11/36 MP: 8/8
  2440 | D:3      | XOM: noise
  2530 | D:3      | XOM: summons 2 hostile shadow creatures
  2543 | D:4      | Found a glowing drain.
  2546 | D:4      | Noticed Menkaure
  2565 | D:4      | Reached skill level 3 in Conjurations
  2576 | D:4      | HP: 3/36 [Menkaure (11)]
  2584 | D:4      | Mangled by Menkaure

Vanquished Creatures
  Grinder (D:3)
  An ogre (D:4)
  Jessica (D:2)
  An orc wizard (D:3)
  Terence (D:3)
  4 adders
  A worm (D:2)
  3 dart slugs
  5 orcs
  4 bats
  4 endoplasms
  4 giant cockroaches
  6 goblins
  4 hobgoblins
  4 quokkas
  3 ball pythons
  3 frilled lizards
  8 kobolds
  5 rats
63 creatures vanquished.

Table legend: (Time is in decaauts)
 A = Elapsed time spent in this place.
 B = Non-inter-level travel time spent in this place.
 C = Inter-level travel time spent in this place.
 D = Time resting spent in this place.
 E = Time spent auto-exploring this place.
 F = Levels seen in this place.
 G = Mean time per level.
                   A        B        C        D        E       F      G
               +--------+--------+--------+--------+--------+-----+--------+
         Total |   2546 |   2489 |     57 |    103 |   1888 |   4 |  636.5 |
       Dungeon |   2546 |   2489 |     57 |    103 |   1888 |   4 |  636.5 |
               +--------+--------+--------+--------+--------+-----+--------+

Top non-repeatable levels by time:
     D:3: 936 daAuts
     D:1: 873 daAuts
     D:2: 709 daAuts
     D:4: 26 daAuts

Table legend:
 A = Non-vault XP
 B = Vault XP
 C = Vault XP percentage of total XP
 D = Non-vault monster count
 E = Vault monster count
 F = Vault count percentage of total count
                 A         B        C        D         E       F
            +---------+---------+-------+---------+---------+-------
      Total |     303 |     330 |  52.1 |      56 |       7 |  11.1
            +---------+---------+-------+---------+---------+-------
        D:1 |      31 |       4 |  11.4 |      18 |       2 |  10.0
        D:2 |      46 |      38 |  45.2 |      16 |       2 |  11.1
        D:3 |     104 |     286 |  73.3 |      18 |       2 |  10.0
        D:4 |     122 |       2 |   1.6 |       4 |       1 |  20.0
            +---------+---------+-------+---------+---------+-------
